Map: Oceanborn LE

Players

MaNa

  • Race: Protoss Protoss
  • Spawn Location: 5:00

herO - Winner!

  • Race: Protoss Protoss
  • Spawn Location: 11:00

Event: ESL SC2 Masters 2023 Winter (Finals)

VOD

Have the link to the VOD?

Description

Time

  • Played on: Dec. 15, 2023, 12:24 p.m.
  • Length: 6:08

All games in this series

Show
View Real Time Build Order
Export as new Build Order

MaNa Protoss 

Build Orders:  

Get SALT Encoding   

  12  0:00  Probe  
  13  0:12  Probe  
  14  0:17  Pylon  
  14  0:24  Probe (Chrono Boost)  
  15  0:36  Gateway, Probe (Chrono Boost)  
  16  0:44  Probe (Chrono Boost)  
  16  0:46  Assimilator  
  17  0:51  Probe  
  18  1:03  Probe (Chrono Boost)  
  19  1:04  Assimilator  
  19  1:09  Gateway  
  20  1:12  Probe (Chrono Boost)  
  20  1:17  Probe (Chrono Boost)  
  20  1:25  Cybernetics Core  
  21  1:29  Probe  
  22  1:34  Pylon  
  22  1:41  Probe  
  23  1:53  Probe  
  24  1:58  Warp Gate (Chrono Boost)  
  24  2:01  Adept x2  
  24  2:05  Probe  
  29  2:09  Robotics Facility  
  29  2:20  Shield Battery  
  29  2:23  Pylon  
  31  2:41  Adept  
  33  2:48  Shield Battery  
  33  2:58  Immortal (Chrono Boost)  
  37  2:59  Sentry  
  35  3:07  Probe  
  32  3:20  Probe  
  32  3:24  Gateway  
  33  3:32  Warp Prism (Chrono Boost)  
  35  3:41  Sentry  
  37  3:42  Sentry  
  37  3:47  Pylon  
  39  4:04  Probe  
  39  4:07  Phoenix  
  38  4:10  Immortal  
  42  4:23  Adept  
  44  4:24  Adept  
  44  4:30  Pylon  
  46  4:36  Probe  
  45  4:47  Warp Prism (Chrono Boost)  
  47  5:00  Sentry, Adept  
  47  5:04  Sentry  
  53  5:15  Pylon  
  43  5:43  Adept x3  
Show
View Real Time Build Order
Export as new Build Order

herO Protoss - Winner!

Build Orders:  

Get SALT Encoding   

  12  0:00  Probe  
  13  0:12  Probe  
  14  0:17  Pylon  
  14  0:24  Probe (Chrono Boost)  
  16  0:36  Gateway, Probe (Chrono Boost)  
  16  0:42  Probe (Chrono Boost)  
  16  0:46  Assimilator  
  17  0:50  Probe  
  17  0:54  Assimilator  
  18  1:03  Probe (Chrono Boost)  
  19  1:08  Gateway  
  19  1:13  Probe (Chrono Boost)  
  19  1:17  Probe (Chrono Boost)  
  20  1:24  Cybernetics Core  
  21  1:29  Probe  
  22  1:35  Pylon  
  22  1:41  Probe  
  24  1:58  Warp Gate (Chrono Boost)  
  24  2:01  Adept x2  
  27  2:06  Robotics Facility  
  27  2:14  Pylon  
  27  2:31  Stalker x2  
  31  2:40  Pylon  
  30  2:46  Gateway  
  31  2:58  Observer  
  31  3:00  Stalker  
  31  3:01  Stalker  
  31  3:04  Pylon  
  33  3:19  Immortal (Chrono Boost)  
  38  3:41  Pylon  
  38  3:42  Sentry, Observer  
  39  3:53  Shield Battery  
  39  3:58  Warp Prism (Chrono Boost)  
  41  4:10  Nexus  
  41  4:14  Sentry  
  43  4:23  Observer  
  43  4:32  Immortal (Chrono Boost)  
  45  4:39  Pylon  
  45  4:41  Observer  
  45  4:50  Observer  
  45  4:59  Probe  
  46  5:00  Sentry, Adept x2  
  46  5:04  Pylon  
  52  5:24  Adept x3  
  56  5:49  Stalker x3  
  62  5:55  Pylon  
Tags
 
Add a new tag
Caveats
  • Supply blocks, unpowered buildings, or Contaminate may cause inaccurate times.
  • Supply counts are checked every 10 seconds.